AoeStats
← Tomato

Lombardia

507543041Analyzed
4v4 RM · 13d ago on Sep 18, 2026· 54m 41s· 8 players
Game mode
Random Map
Map size
Large (8 player)
Population
200
Speed
Normal
Resources
Standard
Victory
Conquest
Starting age
Dark Age
Ending age
Imperial Age
RankedLock teamsTeams togetherTeam positionsShared explorationLock speedFull tech treeHidden civsTurbo modeCheats
Victory
Defeat
🇨🇱 Khmer · Chile
1532
+9
🇩🇴 Koreans · Dominican Republic
1444
+12
🇨🇱 Saracens · Chile
1340
+16
🇲🇽 Dravidians · Mexico
1074
+26
🇳🇱 Wei · Netherlands
1371
-17
🇩🇪 Japanese · Germany
1355
-16
🇷🇺 Armenians · Russia
1348
-16
🇱🇻 Celts · Latvia
1292
-14
Tomato
6:40 Loom
10:15 Feudal Age
11:08 Double-Bit Axe
11:04 Horse Collar
15:14 Scale Barding Armor
18:15 Wheelbarrow
18:39 Bloodlines
19:40 Forging
26:08 Castle Age
27:45 Gold Mining
29:26 Chain Barding Armor
29:30 Husbandry
34:04 Iron Casting
34:24 Gold Shaft Mining
41:59 Hand Cart
46:20 Imperial Age
46:30 Heavy Hei Guang Cavalry
48:01 Town Watch
privalovivan99
2:51 Loom
12:06 Feudal Age
15:55 Castle Age
14:35 Double-Bit Axe
16:54 Horse Collar
21:51 Padded Archer Armor
22:30 Fletching
24:07 Elite Skirmisher
24:52 Bodkin Arrow
31:30 Wheelbarrow
35:46 Imperial Age
34:03 Man-at-Arms
34:28 Gambesons
34:44 Squires
35:35 Scale Mail Armor
35:46 Forging
35:19 Long Swordsman
36:11 Two-Handed Swordsman
37:01 Fereters
37:15 Chain Mail Armor
37:18 Champion
39:42 Plate Mail Armor
48:45 Iron Casting
eC_Kirac
7:31 Loom
9:32 Feudal Age
10:00 Man-at-Arms
10:38 Double-Bit Axe
18:46 Arson
19:48 Horse Collar
23:12 Castle Age
24:46 Scale Mail Armor
24:57 Forging
24:46 Long Swordsman
25:34 Squires
32:31 Gambesons
33:32 Chain Mail Armor
37:04 Wheelbarrow
37:51 Iron Casting
43:20 Heavy Plow
50:52 Bow Saw
melnais cinitis
10:10 Feudal Age
14:42 Castle Age
12:56 Loom
17:19 Wheelbarrow
18:02 Double-Bit Axe
18:03 Horse Collar
21:32 Pikeman
23:09 Elite Skirmisher
25:27 Fletching
25:40 Scale Mail Armor
26:36 Bodkin Arrow
28:44 Bow Saw
35:38 Imperial Age
33:55 Ballistics
35:53 Heavy Plow
49:28 Scale Mail Armor
49:38 Forging
50:45 Chain Mail Armor
51:17 Elite Woad Raider
52:39 Iron Casting
55:03 Plate Mail Armor
55:34 Blast Furnace
RD | Telematico
7:00 Loom
9:13 Feudal Age
9:44 Double-Bit Axe
9:40 Horse Collar
16:08 Scale Barding Armor
18:16 Forging
23:34 Castle Age
22:09 Gold Mining
22:09 Stone Mining
23:11 Fletching
24:26 Husbandry
24:39 Bow Saw
24:30 Heavy Plow
25:40 Chain Barding Armor
27:50 Gold Shaft Mining
27:50 Stone Shaft Mining
28:39 Wheelbarrow
29:50 Eupseong
32:37 Ballistics
35:39 Imperial Age
33:59 Bodkin Arrow
33:48 Treadmill Crane
35:12 Hand Cart
39:08 Chemistry
38:33 Bracer
38:31 Elite War Wagon
41:55 Conscription
43:13 Iron Casting
43:14 Town Watch
43:52 Caravan
46:30 Masonry
49:49 Two-Man Saw
Quimimoshly06
2:58 Loom
12:29 Feudal Age
17:25 Castle Age
16:26 Horse Collar
16:33 Double-Bit Axe
18:33 Town Watch
20:26 Bow Saw
26:53 Fletching
30:42 Padded Archer Armor
30:37 Bodkin Arrow
31:53 Wheelbarrow
37:20 Imperial Age
37:09 Husbandry
37:51 Leather Archer Armor
39:34 Thumb Ring
39:01 Light Cavalry
39:25 Elite Elephant Archer
41:09 Scale Barding Armor
41:15 Forging
41:05 Bracer
44:05 Ring Archer Armor
44:40 Chemistry
48:12 Medical Corps
48:28 Conscription
[MGG] JP
6:05 Loom
8:46 Feudal Age
9:18 Double-Bit Axe
17:08 Forging
18:56 Scale Barding Armor
27:04 Castle Age
26:11 Bloodlines
27:08 Light Cavalry
27:49 Husbandry
28:14 Chain Barding Armor
29:39 Iron Casting
36:42 Fletching
38:17 Bodkin Arrow
39:48 Horse Collar
40:18 Bow Saw
39:58 Gold Mining
42:35 Wheelbarrow
42:01 Heavy Plow
42:55 Gold Mining
42:55 Stone Mining
44:57 Caravan
45:27 Coinage
46:42 Gold Shaft Mining
46:12 Town Watch
52:44 Imperial Age
54:10 Plate Barding Armor
52:56 Cavalier
54:25 Banking
53:38 Hussar
55:19 Blast Furnace
[MGG] Callo
6:49 Loom
10:09 Feudal Age
10:34 Double-Bit Axe
14:34 Fletching
21:05 Gold Mining
25:15 Padded Archer Armor
31:54 Castle Age
31:55 Crossbowman
32:32 Bodkin Arrow
33:31 Bow Saw
37:16 Thumb Ring
37:49 Ballistics
37:57 Town Watch
41:03 Leather Archer Armor
47:33 Horse Collar
53:12 Imperial Age
54:09 Bracer
Connection lost

Rejoining the realm…

Still unreachable

The connection could not be restored.

Session expired

The server has moved on; the page needs a fresh start.